 Dungeon Crawl Stone Soup version 0.30.1-4-g462c640d31 (webtiles) character file.

Game seed: 13024520326607468230

60 Graphine the Grave Robber (level 4, -1/30 HPs)
             Began as a Human Necromancer on Sept 8, 2023.
             Slain by Crazy Yiuf
             ... wielding a +3 quarterstaff of chaos
              (10 damage)
             ... on level 2 of the Dungeon.
             The game lasted 00:04:36 (1736 turns).

Graphine the Grave Robber (Human Necromancer)       Turns: 1736, Time: 00:04:36

Health: -1/30      AC:  2    Str: 10    XL:     4   Next: 25%
Magic:  3/7        EV: 12    Int: 15    God:
Gold:   78         SH:  0    Dex: 14    Spells: 7/8 levels left

rFire   . . .        g - staff of death
rCold   . . .        (no shield)
rNeg    + . .        a - +0 robe
rPois   .            (no helmet)
rElec   .            (no cloak)
rCorr   .            (no gloves)
SInv    .            (no boots)
Will    .....        (no amulet)
Stlth   ++           (no ring)
HPRegen 0.25/turn    (no ring)
MPRegen 0.10/turn

%: no passive effects
@: no status effects
A: no striking features
a: no special abilities


You were on level 2 of the Dungeon.
You visited 1 branch of the dungeon, and saw 2 of its levels.

You collected 78 gold pieces.

Inventory:

Hand Weapons
 e - a +0 dagger of protection
Missiles
 c - 4 poisoned darts
Armour
 a - a +0 robe (worn)
Magical Staves
 g - a staff of death (weapon)
Scrolls
 b - 2 scrolls of identify
 d - a scroll of immolation
 k - a scroll of fear {unknown}
 l - a scroll of magic mapping {unknown}
Potions
 f - 2 potions of mutation
 j - a potion of brilliance {unknown}


   Skills:
 + Level 0.8 Staves
 + Level 2.6 Dodging
 - Level 2.3 Stealth
 + Level 2.5 Spellcasting
 + Level 4.3 Necromancy
 + Level 0.9 Evocations


You had 7 spell levels left.
You knew the following spells:

 Your Spells              Type           Power      Damage    Failure   Level
a - Necrotise             Necr           88%        1d8       3%          1

Your spell library contained the following spells:

 Spells                   Type           Power      Damage    Failure   Level
 Vampiric Draining        Necr           22%        2d7       11%         3
 Animate Dead             Necr           22%        N/A       34%         4
 Agony                    Necr           22%        N/A       69%         5


Dungeon Overview and Level Annotations

Branches:
Dungeon (2/15)

Altars:

Annotations:
D:2 Crazy Yiuf


Message History

Press: ? - help, Shift-Dir - straight line, f/p - Crazy Yiuf
Aim: Crazy Yiuf, wielding a +3 quarterstaff of chaos and wearing a +0 cloak (chance to affect: 86%)
You feel a surge of power!
Crazy Yiuf writhes in agony.
Crazy Yiuf closely misses you.
Casting: Necrotise (safe; 3% risk of failure)
Confirm with . or Enter, or press ? or * to list all spells.
Aiming: Necrotise (safe; 3% risk of failure)
Press: ? - help, Shift-Dir - straight line, f/p - Crazy Yiuf
Aim: Crazy Yiuf, wielding a +3 quarterstaff of chaos and wearing a +0 cloak (moderately wounded, chance to affect: 86%)
You feel a surge of power!
Crazy Yiuf writhes in agony.
Crazy Yiuf hits you with a +3 quarterstaff of chaos!
Crazy Yiuf freezes you.
* * * LOW HITPOINT WARNING * * *
It was a potion of curing.
You feel better. Crazy Yiuf closely misses you.
Casting: Necrotise (safe; 3% risk of failure)
Confirm with . or Enter, or press ? or * to list all spells.
Aiming: Necrotise (safe; 3% risk of failure)
Press: ? - help, Shift-Dir - straight line, f/p - Crazy Yiuf
Aim: Crazy Yiuf, wielding a +3 quarterstaff of chaos and wearing a +0 cloak (moderately wounded, chance to affect: 86%)
You feel a surge of power!
Crazy Yiuf barely resists.
Crazy Yiuf hits you with a +3 quarterstaff of chaos!
* * * LOW HITPOINT WARNING * * *
Crazy Yiuf burns you.
* * * LOW HITPOINT WARNING * * *
You feel better. Crazy Yiuf barely misses you.
Okay, then.
Okay, then.
Casting: Necrotise (safe; 3% risk of failure)
Confirm with . or Enter, or press ? or * to list all spells.
Aiming: Necrotise (safe; 3% risk of failure)
Press: ? - help, Shift-Dir - straight line, f/p - Crazy Yiuf
Aim: Crazy Yiuf, wielding a +3 quarterstaff of chaos and wearing a +0 cloak (moderately wounded, chance to affect: 86%)
Okay, then.
You aren't carrying any items that you can evoke.
As you read the scroll labelled TUBLOL WEEN, it crumbles to dust.
It is a scroll of brand weapon.
Your +0 dagger projects an invisible shield of force!
e - a +0 dagger of protection Crazy Yiuf hits you with a +3 quarterstaff of chaos!
You die...

####♣♣ ###
##.#..♣♣ ♣♣#..)#
#......♣♣♣♣@g...#
#....♣..♣..♣#...#
#.##...♣.♣♣♣ ###
#.###♣♣♣♣♣ #..#
##.#############
#.......##....#
###.....##.)..# #
###.####....#


You could see Crazy Yiuf.

Vanquished Creatures
  2 adders (D:2)
  3 ball pythons (D:2)
  4 endoplasms (D:1)
  5 goblins
  4 hobgoblins
  2 jackals (D:2)
  A kobold (D:2)
  A quokka (D:2)
  2 bats (D:1)
  A frilled lizard (D:1)
  4 rats
29 creatures vanquished.

Vanquished Creatures (collateral kills)
  2 ball pythons (D:2)
  2 giant cockroaches (D:2)
  2 goblins (D:2)
  A hobgoblin (D:2)
  A frilled lizard (D:2)
8 creatures vanquished.

Grand Total: 37 creatures vanquished

Notes
Turn   | Place    | Note
-------+----------+-------------------------------------------
     0 | D:1      | Graphine the Human Necromancer began the quest for the Orb.
     0 | D:1      | Reached XP level 1. HP: 13/13 MP: 3/3
   350 | D:1      | Reached XP level 2. HP: 19/19 MP: 0/5
  1211 | D:2      | Reached XP level 3. HP: 24/24 MP: 0/6
  1395 | D:2      | Reached XP level 4. HP: 21/30 MP: 3/7
  1537 | D:2      | Found a runed translucent door.
  1538 | D:2      | Noticed Crazy Yiuf
  1736 | D:2      | Slain by Crazy Yiuf

Illustrated notes

Levels and vault maps discovered:
D:1:      elethiomel_arrival_maze, layout_basic
D:2:      layout_rooms, uniq_crazy_yiuf_cottage

Action                     |  1- 3 |  4- 6 || total
---------------------------+-------+-------++-------
  Melee: Unarmed           |     7 |       ||     7
         Dagger            |     6 |       ||     6
         Staff             |    21 |     3 ||    24
   Cast: Necrotise         |    45 |     8 ||    53
    Use: Potion            |     1 |     2 ||     3
         Scroll            |     2 |     1 ||     3
 Armour: Robe              |     8 |       ||     8
  Dodge: Dodged            |    35 |     5 ||    40
